Map: Para Site LE

Players

Nice

  • Race: Protoss Protoss
  • Spawn Location: 11:00

ShoWTimE - Winner!

  • Race: Protoss Protoss
  • Spawn Location: 5:00

Event: WCS Montreal 2018

VOD

Have the link to the VOD?

Description

Time

  • Played on: Sept. 7, 2018, 3:33 p.m.
  • Length: 11:04

All games in this series

Show
View Real Time Build Order
Export as new Build Order

Nice Protoss 

Build Orders: Zealot Archon, Dark Templar Rush 

Get SALT Encoding   

  12  0:01  Probe  
  13  0:13  Probe  
  14  0:18  Pylon  
  14  0:25  Probe  
  15  0:33  Probe  
  15  0:39  Gateway  
  15  0:41  Probe  
  17  0:50  Assimilator  
  17  0:52  Probe  
  17  0:54  Assimilator  
  18  1:00  Probe  
  18  1:07  Gateway  
  18  1:08  Probe  
  20  1:19  Probe  
  21  1:26  Cybernetics Core  
  21  1:31  Probe  
  22  1:35  Pylon  
  22  1:43  Warp Gate, Probe  
  23  1:55  Probe  
  24  2:02  Adept x2  
  28  2:11  Pylon  
  28  2:22  Twilight Council  
  28  2:30  Adept x2  
  32  2:57  Adept x2  
  36  3:01  Dark Shrine  
  36  3:24  Pylon, Shield Battery  
  36  3:32  Nexus  
  36  3:45  Robotics Facility  
  36  3:55  Adept  
  36  3:58  Adept  
  36  4:01  Probe  
  41  4:09  Blink  
  37  4:22  Dark Templar x2  
  35  4:36  Probe  
  35  4:37  Warp Prism  
  30  4:48  Probe  
  33  4:55  Stalker  
  35  5:04  Probe  
  35  5:05  Stalker  
  37  5:11  Probe  
  37  5:17  Probe  
  38  5:22  Stalker  
  38  5:23  Probe  
  37  5:32  Probe  
  37  5:35  Probe  
  39  5:37  Dark Templar  
  41  5:44  Probe  
  41  5:46  Observer  
  41  5:47  Probe  
  44  5:57  Probe  
  44  5:59  Probe  
  44  6:00  Stalker  
  46  6:08  Pylon  
  46  6:09  Probe  
  47  6:11  Probe  
  47  6:14  Stalker  
  50  6:19  Probe  
  50  6:24  Archon, Probe  
  50  6:27  Probe  
  51  6:36  Probe, Charge  
  51  6:37  Probe  
  53  6:46  Nexus  
  53  6:47  Observer  
  53  6:48  Probe  
  53  6:49  Probe  
  55  7:00  Probe  
  56  7:01  Probe  
  56  7:07  Gateway  
  57  7:15  Gateway x2  
  57  7:22  Gateway  
  57  7:24  Warp Prism  
  59  7:35  Gateway  
  59  7:37  Gateway  
  59  7:39  Probe  
  59  7:40  Probe  
  59  7:42  Pylon  
  61  7:50  Dark Templar  
  63  7:58  Archon  
  63  8:01  Probe x2  
  63  8:03  Probe  
  66  8:11  Pylon  
  66  8:12  Stalker x3  
  72  8:26  Pylon  
  72  8:32  Probe  
  73  8:41  Dark Templar x3  
  79  8:43  Dark Templar  
  79  8:46  Zealot x4  
  79  8:47  Archon x2  
  89  8:54  Pylon  
  87  9:06  Stalker  
  87  9:07  Stalker  
  88  9:17  Zealot x6  
  90  9:41  Zealot x7  
  80  9:50  Warp Prism  
  65  10:04  Dark Templar  
  65  10:05  Dark Templar, Zealot x2  
  75  10:10  Archon  
  75  10:11  Zealot x2  
  67  10:35  Zealot x4  
  67  10:36  Zealot x2  
  67  10:37  Zealot  
  81  10:44  Zealot  
Show
View Real Time Build Order
Export as new Build Order

ShoWTimE Protoss - Winner!

Build Orders: Phoenix Opening 

Get SALT Encoding   

  12  0:00  Probe  
  13  0:13  Probe  
  14  0:17  Pylon  
  14  0:25  Probe  
  15  0:33  Probe  
  15  0:37  Gateway  
  15  0:41  Probe  
  16  0:46  Assimilator  
  17  0:51  Probe  
  17  0:55  Assimilator  
  18  0:59  Probe  
  19  1:08  Probe  
  19  1:11  Gateway  
  19  1:17  Probe  
  20  1:24  Cybernetics Core  
  21  1:29  Probe  
  22  1:34  Pylon  
  22  1:41  Probe  
  23  1:54  Probe  
  24  2:01  Stalker, Sentry  
  24  2:02  Warp Gate  
  28  2:09  Pylon  
  28  2:29  Stargate  
  28  2:37  Stalker  
  30  2:48  Stalker  
  32  2:58  Nexus  
  32  3:05  Shield Battery  
  32  3:10  Phoenix, Shield Battery  
  33  3:22  Probe  
  34  3:28  Phoenix  
  34  3:36  Pylon  
  34  3:41  Probe  
  37  3:53  Probe  
  38  3:59  Robotics Facility  
  38  4:02  Pylon  
  38  4:10  Gateway  
  35  4:19  Oracle  
  28  4:33  Pylon  
  28  4:36  Probe  
  27  4:41  Probe, Observer  
  27  4:44  Sentry  
  30  4:48  Probe  
  32  4:56  Probe  
  33  5:00  Probe  
  33  5:07  Probe  
  33  5:10  Probe  
  35  5:15  Probe  
  35  5:18  Probe  
  36  5:23  Probe  
  36  5:26  Probe  
  38  5:32  Probe  
  40  5:36  Observer  
  40  5:39  Probe  
  40  5:40  Probe  
  42  5:48  Probe  
  43  5:51  Probe  
  45  6:00  Probe  
  45  6:03  Probe  
  47  6:13  Immortal, Probe  
  47  6:15  Pylon, Probe  
  49  6:25  Probe  
  54  6:27  Probe  
  55  6:34  Shield Battery  
  55  6:35  Probe  
  55  6:39  Probe  
  57  6:43  Probe, Forge  
  58  6:51  Probe x2  
  59  6:55  Protoss Ground Weapons Level 1  
  59  6:56  Immortal  
  64  7:03  Probe  
  64  7:04  Probe  
  64  7:06  Assimilator x2  
  66  7:11  Probe  
  67  7:16  Probe  
  67  7:19  Probe  
  67  7:21  Twilight Council  
  68  7:28  Probe  
  70  7:35  Gateway x2  
  70  7:37  Pylon  
  70  7:43  Pylon  
  70  7:50  Charge  
  70  7:54  Pylon  
  70  7:58  Templar Archives, Gateway  
  70  8:00  Gateway  
  70  8:10  Gateway  
  70  8:15  Gateway  
  70  8:21  Zealot x2  
  70  8:24  Pylon  
  74  8:29  Pylon  
  74  8:38  Zealot x2  
  78  8:46  Nexus  
  78  8:57  High Templar x2  
  78  8:58  High Templar x2  
  86  9:03  Archon x2  
  86  9:06  Shield Battery  
  86  9:10  Zealot x3  
  86  9:14  Shield Battery  
  92  9:17  Zealot  
  92  9:20  Pylon  
  94  9:30  High Templar  
  94  9:31  High Templar x3  
  102  9:34  Archon x2  
  96  9:38  Zealot x3  
  88  9:50  Zealot  
  84  9:55  Probe  
  84  9:56  Probe  
  80  10:00  Probe  
  83  10:18  High Templar x2  
  83  10:23  Archon, Zealot x5  
  83  10:28  Observer  
  84  10:36  High Templar  
  84  10:39  Shield Battery, Photon Cannon  
  84  10:40  Photon Cannon  
  86  10:43  Pylon  
  86  10:44  High Templar  
  86  10:45  Zealot  
  86  10:49  Archon  
  90  10:55  Zealot x3  
  94  10:57  Zealot  
Tags
 
Add a new tag
Caveats
  • Supply blocks, unpowered buildings, or Contaminate may cause inaccurate times.
  • Supply counts are checked every 10 seconds.